 Dungeon Crawl Stone Soup version 0.31-a0-198-g2ad674f65e (webtiles) character file.

Game seed: 6255505337930559815

78 qw the Shooter (level 4, 0/25 HPs)
             Began as a Deep Elf Hunter on June 25, 2023.
             Succumbed to a gnoll's poison
             ... on level 2 of the Dungeon.
             The game lasted 00:00:31 (1682 turns).

qw the Shooter (Deep Elf Hunter)                    Turns: 1682, Time: 00:00:31

Health: 0/25       AC:  7    Str: 10    XL:     4   Next: 15%
Magic:  6/6        EV: 11    Int: 14    God:
Gold:   100        SH:  0    Dex: 18    Spells: 3/3 levels left

rFire   . . .        Y - +0 shortbow (freeze)
rCold   . . .        (shield currently unavailable)
rNeg    . . .        k - +0 ring mail
rPois   .            (no helmet)
rElec   .            (no cloak)
rCorr   .            j - +0 pair of gloves
SInv    .            h - +0 pair of boots
Will    .....        (no amulet)
Stlth   +            (no ring)
HPRegen 0.24/turn    (no ring)
MPRegen 0.10/turn

%: no passive effects
@: lethally poisoned (0 -> -20)
A: no striking features
a: no special abilities


You were on level 2 of the Dungeon.
You visited 1 branch of the dungeon, and saw 2 of its levels.

You collected 100 gold pieces.


   Skills:
 - Level 1.5 Fighting
 + Level 7.6 Ranged Weapons
 - Level 2.4 Dodging
 - Level 1.2 Stealth


You had 3 spell levels left.
You didn't know any spells.
Your spell library was empty.

Inventory:

Hand Weapons
 Y - a +0 shortbow of freezing (weapon)
Armour
 h - a +0 pair of boots (worn)
 j - a +0 pair of gloves (worn)
 k - a +0 ring mail (worn)
Jewellery
 b - an amulet of reflection
Scrolls
 a - a scroll of fog {unknown}
 c - a scroll of poison {unknown}
 d - a scroll of silence {unknown}
Potions
 f - a potion of curing {unknown}
 l - a potion of haste {unknown}

Dungeon Overview and Level Annotations

Branches:
Dungeon (2/15)

Altars:

Annotations:
D:2 exclusion: gnoll


Message History

The gnoll is moderately wounded.
You hear a shout!
A gnoll comes into view. It is wielding a +2 halberd of venom.
1674 ||| Stepping ~*~*~tactically~*~*~ (outnumbered).
There is an open door here.
You shoot an arrow. The arrow closely misses the gnoll.
The gnoll hits you but does no damage.
You shoot an arrow. The arrow hits the gnoll.
The arrow freezes the gnoll.
The gnoll is almost dead.
The gnoll barely misses you.
You shoot an arrow. The arrow barely misses the gnoll.
The gnoll hits you but does no damage.
You shoot an arrow. The arrow hits the gnoll.
The arrow freezes the gnoll.
You kill the gnoll!
You shoot an arrow.
The arrow hits the gnoll but does no damage.
The gnoll closely misses you.
The gnoll hits you from afar with a +2 halberd of venom!
You are lethally poisoned!
You shoot an arrow.
The arrow hits the gnoll but does no damage.
You feel very sick. The gnoll barely misses you.
Enter note:
Enter note:
Enter note:
Enter note:
Enter note:
Enter note:
Enter note:
Enter note:
1681 ||| UPGRADING to amulet of reflection.
You start putting on your amulet.
You continue putting on your amulet of reflection.
Keep equipping yourself?
You feel very sick.
The gnoll hits you from afar with a +2 halberd of venom.
You are more poisoned.
You continue putting on your amulet of reflection.
You die...

.........# ##.....## #......##.
.........# ##.......## #.........
.........###.........####.....###
.......)...'.).......'........#
.###.....###.).......####...#.#
.##..#.#.# ##.......## ##.##.#
.##.####.# ##.....## ####.#
.........# ##...## #.# ###.######
##@## #.# #.# #.# #.#
#.#########....g.g.# #.#
#............#.###)# #.#
###########..... #.# #. ...
#.#..%. # ##.## ###


You could see a gnoll.

Vanquished Creatures
  2 gnolls (D:2)
  2 adders (D:2)
  A worm (D:2)
  2 endoplasms (D:1)
  A giant cockroach (D:2)
  3 goblins
  4 hobgoblins
  6 jackals
  3 ball pythons
  3 bats
  8 kobolds
  2 rats
37 creatures vanquished.

Notes
Turn   | Place    | Note
-------+----------+-------------------------------------------
     0 | D:1      | qw the Deep Elf Hunter began the quest for the Orb.
     0 | D:1      | Reached XP level 1. HP: 12/12 MP: 3/3
     0 | D:1      | 0 ||| qw: Version: 0.3-a-22-g0ed2b0b
     0 | D:1      | 0 ||| qw: Game counter: 5119
     0 | D:1      | 0 ||| qw: Melee chars always use a shield: true
     0 | D:1      | 0 ||| qw: God list: Okawaru
     0 | D:1      | 0 ||| qw: Allow faded altars: false
     0 | D:1      | 0 ||| qw: Do Orc after clearing Dungeon:15 true
     0 | D:1      | 0 ||| qw: Do second Lair branch before Depths: true
     0 | D:1      | 0 ||| qw: Lair rune preference: random
     0 | D:1      | 0 ||| qw: Goals: Normal
     0 | D:1      | 0 ||| PLANNING D:1-11
   121 | D:1      | Reached XP level 2. HP: 16/16 MP: 4/4
   224 | D:1      | Reached skill level 6 in Ranged Weapons
   873 | D:1      | 873 ||| UPGRADING to +0 pair of boots.
   878 | D:1      | 878 ||| UPGRADING to +0 pair of gloves.
   883 | D:1      | 883 ||| UPGRADING to +0 ring mail.
   893 | D:1      | 893 ||| DROPPING +0 leather armour.
   894 | D:1      | 894 ||| DROPPING ring of flight.
   895 | D:1      | 895 ||| READING scroll labelled UNGIMO IRCHA.
   896 | D:1      | 896 ||| READING scroll labelled XODAQE YPSILACK.
   897 | D:1      | 897 ||| READING scroll labelled CEMOSAHATHIN.
   898 | D:1      | 898 ||| DROPPING scroll of butterflies.
  1062 | D:2      | 1062 ||| FLEEEEING.
  1095 | D:2      | Reached XP level 3. HP: 20/20 MP: 5/5
  1368 | D:2      | Reached skill level 7 in Ranged Weapons
  1465 | D:2      | Found a faded altar of an unknown god.
  1652 | D:2      | 1652 ||| FLEEEEING.
  1653 | D:2      | 1653 ||| FLEEEEING.
  1654 | D:2      | 1654 ||| FLEEEEING.
  1673 | D:2      | Reached XP level 4. HP: 25/25 MP: 6/6
  1674 | D:2      | 1674 ||| Stepping ~*~*~tactically~*~*~ (outnumbered).
  1681 | D:2      | 1681 ||| UPGRADING to amulet of reflection.
  1681 | D:2      | HP: 5/25 [gnoll/+2 halberd of venom (4)]
  1682 | D:2      | Succumbed to a gnoll's poison

Levels and vault maps discovered:
D:1:      saegor_arrival_miasma, layout_loops_corners, hangedman_decor_growths
D:2:      layout_loops_corners, basic_ecumenical_altar

Skill      XL: |  1  2  3 |
---------------+----------+-----
Ranged Weapons | 6 7 |  7.6
Fighting       | |  1.5
Dodging        | |  2.4
Stealth        | |  1.2

Action                     |  1- 3 |  4- 6 || total
---------------------------+-------+-------++-------
   Fire: Shortbow          |    86 |     7 ||    93
    Use: Scroll            |     3 |       ||     3
 Armour: Leather armour    |     1 |       ||     1
         Ring mail         |     2 |     2 ||     4
  Dodge: Dodged            |     8 |     3 ||    11

Table legend:
 A = Non-vault XP
 B = Vault XP
 C = Vault XP percentage of total XP
 D = Non-vault monster count
 E = Vault monster count
 F = Vault count percentage of total count
                 A         B        C        D         E       F
            +---------+---------+-------+---------+---------+-------
      Total |     112 |       0 |   0.0 |      37 |       0 |   0.0
            +---------+---------+-------+---------+---------+-------
        D:1 |      31 |       0 |   0.0 |      18 |       0 |   0.0
        D:2 |      81 |       0 |   0.0 |      19 |       0 |   0.0
            +---------+---------+-------+---------+---------+-------
